 Dungeon Crawl Stone Soup version 0.28.0 (webtiles) character file.

Game seed: 4906101260468728728

40 osinmv the Magician (level 3, -1/25 HPs)
             Began as a Djinni Ice Elementalist on Feb 12, 2022.
             Slain by an adder (2 damage)
             ... on level 2 of the Dungeon.
             The game lasted 00:06:38 (2308 turns).

osinmv the Magician (Djinni Ice Elementalist)       Turns: 2308, Time: 00:06:39

Health: -1/25      AC:  2    Str:  7    XL:     3   Next: 72%
Gold:   90         EV: 12    Int: 18    God:
                   SH:  0    Dex: 13

rFire   + + .      SeeInvis .   (no weapon)
rCold   x . .      Faith    .   (no shield)
rNeg    . . .      Spirit   .   a - +0 robe
rPois   ∞          Reflect  .   (no helmet)
rElec   .          Harm     .   (no cloak)
rCorr   .          Rampage  .   (no gloves)
Will    .....                   (boots unavailable)
Stlth   ++........              (no amulet)
HPRegen 0.08/turn               (no ring)
MPRegen 0.00/turn               (no ring)

@: flying
A: sickness immunity, fire resistance 2, cold vulnerability 1, float, innate
caster, HP casting, extra vitality 1
a: no special abilities


You were on level 2 of the Dungeon.
You visited 1 branch of the dungeon, and saw 2 of its levels.

You collected 90 gold pieces.

Inventory:

Armour
 a - a +0 robe (worn)
Scrolls
 b - 3 scrolls of identify {unknown}
 e - a scroll of enchant weapon {unknown}
Potions
 c - a potion of magic {unknown}
 d - a potion of curing {unknown}
 f - a potion of flight {unknown}


   Skills:
 + Level 2.4 Dodging
 - Level 1.5 Stealth
 + Level 4.0 Spellcasting


You couldn't memorise any spells.
You knew the following spells:

 Your Spells              Type           Power      Damage    Failure   Level
a - Freeze                Ice            72%        1d9       2%          1
b - Frozen Ramparts       Ice            36%        1d5       9%          3
c - Ozocubu's Armour      Ice            18%        N/A       9%          3
d - Hailstorm             Conj/Ice       18%        3d6       26%         4
e - Sandblast             Erth           36%        2d10      2%          1
Your spell library was empty.

Dungeon Overview and Level Annotations

Branches:
Dungeon (2/15)

Altars:


Innate Abilities, Weirdness & Mutations

You are immune to sickness and miasma.
You are immune to poison.
Your flesh is very heat resistant. (rF++)
You are vulnerable to cold. (rC-)
You float through the air rather than walking.
You learn spells naturally, not from books.
Your magical power is your life essence.
You have superior vitality. (+4 MHP)


Message History

An endoplasm is nearby!
An endoplasm is nearby!
An adder comes into view.
The adder hisses angrily.
The endoplasm quivers.
The endoplasm jiggles.
The adder moves out of view.
Found a stone staircase leading down.
The adder barely misses you.
Aiming: Freeze (safe; 2% risk of failure)
Press: ? - help, Q - select action, (/) - cycle Shift-Dir - straight line, f - endoplasm
Aim: an endoplasm You freeze the endoplasm.
The endoplasm is lightly wounded.
The adder bites you but does no damage.
The endoplasm hits you but does no damage.
The adder bites you.
Aiming: Freeze (safe; 2% risk of failure)
Press: ? - help, Q - select action, (/) - cycle Shift-Dir - straight line, f/p - endoplasm
Aim: an endoplasm (lightly wounded)
You freeze the endoplasm.
The endoplasm is heavily wounded.
The endoplasm freezes you.
You are frozen!
You feel a terrible chill! The adder bites you.
Aiming: Freeze (safe; 2% risk of failure)
Press: ? - help, Q - select action, (/) - cycle Shift-Dir - straight line, f/p - endoplasm
Aim: an endoplasm (heavily wounded)
You freeze the endoplasm.
The endoplasm is almost dead.
The endoplasm freezes you.
You are frozen!
You feel a terrible chill!
* * * LOW HITPOINT WARNING * * *
The adder bites you.
* * * LOW HITPOINT WARNING * * *
You don't have enough health to cast this spell.
The adder barely misses you. The adder bites you but does no damage.
The adder closely misses you. The endoplasm hits you.
* * * LOW HITPOINT WARNING * * *
The adder bites you.
You die...

# #.....##.####.......#..#
#.# .. #
####....>.....##÷##.........
. #
.#####.#..#.).#....#.#.## .
# #.##.##.##........# #
#.##.#...#.#..#...#
#)##.#####.#..#...#
#.##........... ..#
#.###...........
####.###@..#.[..#
#.......SJ......# .
#.##.###...##...# .# ..
..>###...##...##.#. .. #.#
+##.................... #
.................#....
..............##.#...
...............#...
...............#.#


You could see an adder and an endoplasm.

Vanquished Creatures
  A dart slug (D:2)
  4 bats (D:1)
  2 endoplasms
  2 giant cockroaches (D:1)
  4 goblins
  5 hobgoblins (D:1)
  2 kobolds
  4 quokkas (D:2)
  4 ball pythons
  A frilled lizard (D:1)
  5 rats
34 creatures vanquished.

Notes
Turn   | Place    | Note
-------+----------+-------------------------------------------
     0 | D:1      | osinmv the Djinni Ice Elementalist began the quest for the
                  | Orb.
     0 | D:1      | Reached XP level 1. HP: 15/15 MP: 0/0
   317 | D:1      | Reached XP level 2. HP: 20/21 MP: 0/0
   882 | D:1      | Reached XP level 3. HP: 11/25 MP: 0/0
   882 | D:1      | Learned a level 1 spell: Sandblast
  1677 | D:2      | Reached skill level 4 in Spellcasting
  2298 | D:2      | HP: 1/25 [adder (4)]
  2307 | D:2      | HP: 1/25 [endoplasm (1)]
  2308 | D:2      | Slain by an adder

Illustrated notes

Levels and vault maps discovered:
D:1:      dpeg_arrival_chambers_temple_mockup, layout_basic
D:2:      layout_basic, hellmonk_ecumenical_altar_watching_god,
          mrwooster_statue_mirror, minmay_split_cup_small

Skill      XL: |  1  2  3 |
---------------+----------+-----
Spellcasting   | 4 |  4.0
Dodging        | |  2.4
Stealth        | |  1.5

Action                   || total
-------------------------++-------
Melee: Unarmed           ||    56
       Punch             ||     1
 Cast: Freeze            ||    55
Armor: Robe              ||    35
Dodge: Dodged            ||    81
